 Dungeon Crawl Stone Soup version 0.29.0-4-gdea44cf6ec (webtiles) character file.

Game seed: 16141344897654192706

189 qw the Chopper (level 5, -3/30 HPs)
             Began as a Tengu Warper on Aug 28, 2022.
             Slain by an ogre
             ... wielding a +0 giant club
              (25 damage)
             ... on level 3 of the Dungeon.
             The game lasted 00:00:10 (2494 turns).

qw the Chopper (Tengu Warper)                       Turns: 2494, Time: 00:00:10

Health: -3/30      AC:  8    Str: 17    XL:     5   Next: 68%
Magic:  9/9        EV:  8    Int: 13    God:
Gold:   19         SH:  0    Dex: 12    Spells: 8/8 levels left

rFire   . . .      SeeInvis +   Y - +1 hand axe
rCold   . . .      Faith    .   (no shield)
rNeg    . . .      Spirit   .   l - +0 chain mail
rPois   .          Reflect  .   (helmet restricted)
rElec   .          Harm     .   (no cloak)
rCorr   .          Rampage  .   (no gloves)
Will    .....                   (boots unavailable)
Stlth   ..........              (no amulet)
HPRegen 0.10/turn               (no ring)
MPRegen 0.11/turn               (no ring)

@: flying quickly and evasively, quick
A: beak, talons 3, nimble flight, horns 1, see invisible, sense surroundings 1,
strong 1
a: no special abilities


You were on level 3 of the Dungeon.
You visited 1 branch of the dungeon, and saw 3 of its levels.

You collected 127 gold pieces.
You spent 108 gold pieces at shops.


Innate Abilities, Weirdness & Mutations

You have a beak for a mouth.
You have claws for feet.
Your magical nature lets you fly swiftly and evasively.
You have a pair of small horns on your head.
You have supernaturally acute eyesight. (SInv)
You passively map a small area around you.
Your muscles are strong. (Str +4, Int/Dex -1)


   Skills:
 - Level 2.0 Fighting
 - Level 6.2 Axes
 - Level 1.0 Throwing
 + Level 1.4 Armour
 - Level 2.1 Dodging
 - Level 2.0 Spellcasting
 - Level 2.4 Translocations


You had 8 spell levels left.
You didn't know any spells.
Your spell library contained the following spells:

 Spells                   Type           Power      Damage    Failure   Level
 Blink                    Tloc           14%        N/A       94%         2
 Gell's Gravitas          Tloc           7%         N/A       99%         3
 Lesser Beckoning         Tloc           7%         N/A       99%         3
 Teleport Other           Tloc           7%         N/A       99%         3
 Manifold Assault         Tloc           7%         N/A       100%        5

Inventory:

Hand Weapons
 i - a +0 mace
 Y - a +1 hand axe (weapon)
Armour
 l - a +0 chain mail (worn)
Scrolls
 a - a scroll of identify
 c - 2 scrolls of enchant armour
Potions
 g - a potion of attraction {unknown}
 k - a potion of magic {unknown}

Dungeon Overview and Level Annotations

Branches:
Dungeon (3/15)

Altars:

Shops:
D:2 *


Message History

You hit the orc. Your kick misses the orc. Your headbutt misses the orc.
Your peck misses the orc.
The orc is heavily wounded.
The orc hits you but does no damage.
You hit the orc.
You kill the orc!
Things that are here:
a +0 whip; a +0 club; a +0 scythe of pain Done exploring.
(D) Dungeon
Where to? (* - list waypoints, Enter - D:3, ? - help)
What level of the Dungeon? (default 1, ? - help)
There is a stone staircase leading down here.
You fly downwards.
You hear the sound of rushing water.
There is an entrance to a sewer on this level.
Hurry and find it before the portal rusts away!
You hear the slow rusting of a drain nearby.
The orc hits you but does no damage.
There is a stone staircase leading up here.
You slash the orc!
You kill the orc!
An ogre comes into view. It is wielding a +0 giant club.
The ogre shouts!
You hear a shout!
You see here a +0 dagger.
A hobgoblin comes into view.
2486 ||| Stepping ~*~*~tactically~*~*~ (stealth).
2488 ||| Stepping ~*~*~tactically~*~*~ (stealth).
2491 ||| Stepping ~*~*~tactically~*~*~ (stealth).
You see here a scroll labelled COAQECVE TIASM.
You hit the ogre. Your headbutt misses the ogre. You peck the ogre.
The ogre is moderately wounded.
The ogre hits you with a +0 giant club!
You hit the ogre. Your headbutt misses the ogre. Your peck misses the ogre.
The ogre is moderately wounded.
You hit the ogre. You claw the ogre, but do no damage. You headbutt the ogre.
You peck the ogre.
The ogre is heavily wounded.
The ogre hits you with a +0 giant club!!
Ouch! That really hurt!
You die...

#.* .g# ,, #
#=* *#..#g ,
##.##.####.....
,
#.........:..#
* *
.#.)....)...#
.......<)..# **
##......)..# ,*
* #........O# ,
#........@# , ,
#............#
*
#.........##.#
, *
#.....>...#* #
**#...###...#,
,.... *...## ..
...## , #### ,
,


You could see an ogre.

Vanquished Creatures
  Sigmund (D:2)
  2 dart slugs (D:1)
  4 orcs
  A bat (D:1)
  An endoplasm (D:3)
  2 giant cockroaches (D:1)
  2 goblins
  2 hobgoblins
  5 jackals
  2 kobolds (D:1)
  2 frilled lizards (D:1)
  4 rats
28 creatures vanquished.

Notes
Turn   | Place    | Note
-------+----------+-------------------------------------------
     0 | D:1      | qw the Tengu Warper began the quest for the Orb.
     0 | D:1      | Reached XP level 1. HP: 12/12 MP: 4/4
     0 | D:1      | 0 ||| qw: Version: 0.1-a-89-g26bdef1
     0 | D:1      | 0 ||| qw: Game counter: 2972
     0 | D:1      | 0 ||| qw: Always use a shield: true
     0 | D:1      | 0 ||| qw: God list: Okawaru
     0 | D:1      | 0 ||| qw: Allow faded altars: false
     0 | D:1      | 0 ||| qw: Do Orc after D:15 true
     0 | D:1      | 0 ||| qw: Do second Lair branch before Depths: true
     0 | D:1      | 0 ||| qw: Lair rune preference: random
     0 | D:1      | 0 ||| qw: Plans: Normal
     0 | D:1      | 0 ||| PLANNING D:1-11
   117 | D:1      | 117 ||| Stepping ~*~*~tactically~*~*~ (stealth).
   278 | D:1      | 278 ||| Stepping ~*~*~tactically~*~*~ (stealth).
   399 | D:1      | 399 ||| Stepping ~*~*~tactically~*~*~ (hiding).
   501 | D:1      | 501 ||| Stepping ~*~*~tactically~*~*~ (hiding).
   603 | D:1      | 603 ||| Stepping ~*~*~tactically~*~*~ (hiding).
   604 | D:1      | 604 ||| Stepping ~*~*~tactically~*~*~ (hiding).
   614 | D:1      | Reached skill level 3 in Axes
   614 | D:1      | Reached XP level 2. HP: 13/17 MP: 6/6
   944 | D:1      | 944 ||| DROPPING +0 club.
  1407 | D:1      | 1407 ||| DROPPING ring of flight.
  1408 | D:1      | 1408 ||| READING scroll labelled IRUULE LEIHEO.
  1409 | D:1      | 1409 ||| READING scroll labelled ISISHE UZOBB.
  1410 | D:1      | 1410 ||| READING scroll labelled AZXOAVI WESU.
  1413 | D:1      | 1413 ||| DRINKING 2 yellow potions.
  1413 | D:1      | Gained mutation: Your mind is acute. (Int +4, Str/Dex -1)
                  | [potion of mutation]
  1413 | D:1      | Gained mutation: You occasionally lose the ability to read
                  | scrolls when taking damage. [potion of mutation]
  1413 | D:1      | Gained mutation: Your natural rate of healing is unusually
                  | fast. [potion of mutation]
  1414 | D:1      | 1414 ||| DRINKING potion of mutation.
  1414 | D:1      | Lost mutation: Your natural rate of healing is unusually
                  | fast. [potion of mutation]
  1414 | D:1      | Lost mutation: You occasionally lose the ability to read
                  | scrolls when taking damage. [potion of mutation]
  1414 | D:1      | Lost mutation: Your mind is acute. (Int +4, Str/Dex -1)
                  | [potion of mutation]
  1414 | D:1      | Gained mutation: You passively map a small area around you.
                  | [potion of mutation]
  1414 | D:1      | Gained mutation: You have supernaturally acute eyesight.
                  | (SInv) [potion of mutation]
  1414 | D:1      | Gained mutation: Your muscles are strong. (Str +4, Int/Dex
                  | -1) [potion of mutation]
  1414 | D:1      | Gained mutation: You have a pair of small horns on your
                  | head. [potion of mutation]
  1415 | D:1      | 1415 ||| DROPPING scroll of blinking.
  1491 | D:2      | Found a faded altar of an unknown god.
  1504 | D:2      | Noticed Sigmund
  1505 | D:2      | 1505 ||| Stepping ~*~*~tactically~*~*~ (hiding).
  1507 | D:2      | 1507 ||| Stepping ~*~*~tactically~*~*~ (hiding).
  1518 | D:2      | Killed Sigmund
  1519 | D:2      | Reached skill level 6 in Axes
  1519 | D:2      | Reached XP level 3. HP: 21/21 MP: 7/7
  1519 | D:2      | Reached XP level 4. HP: 26/26 MP: 8/8
  1519 | D:2      | Gained mutation: Your magical nature lets you fly swiftly
                  | and evasively. [Tengu growth]
  1519 | D:2      | Reached XP level 5. HP: 30/30 MP: 9/9
  1764 | D:2      | Found Memp's Assorted Antiques.
  1767 | D:2      | 1767 ||| SHOPLISTING blackened filigree amulet (135 gold,
                  | have 116).
  1767 | D:2      | 1767 ||| BUYING scroll labelled BYCITYUNIFF (27 gold).
  1767 | D:2      | Bought a scroll labelled BYCITYUNIFF for 27 gold pieces
  1767 | D:2      | 1767 ||| BUYING scroll labelled BYCITYUNIFF (27 gold).
  1767 | D:2      | Bought a scroll labelled BYCITYUNIFF for 27 gold pieces
  1767 | D:2      | 1767 ||| BUYING scroll labelled IRETTU TUPLU (27 gold).
  1767 | D:2      | Bought a scroll labelled IRETTU TUPLU for 27 gold pieces
  1767 | D:2      | 1767 ||| BUYING scroll labelled LUHEYGH YVUYFE (27 gold).
  1767 | D:2      | Bought a scroll labelled LUHEYGH YVUYFE for 27 gold pieces
  1814 | D:2      | 1814 ||| Stepping ~*~*~tactically~*~*~ (stealth).
  2033 | D:2      | 2033 ||| UPGRADING to +1 robe of fire resistance.
  2043 | D:2      | 2043 ||| DROPPING +0 leather armour.
  2044 | D:2      | 2044 ||| UPGRADING to +0 chain mail.
  2054 | D:2      | 2054 ||| DROPPING +1 robe of fire resistance.
  2055 | D:2      | 2055 ||| READING 3 scrolls labelled BYCITYUNIFF.
  2056 | D:2      | 2056 ||| READING scroll labelled SYIZIGR JOERO.
  2057 | D:2      | 2057 ||| READING scroll labelled IRETTU TUPLU.
  2058 | D:2      | 2058 ||| READING scroll labelled LUHEYGH YVUYFE.
  2059 | D:2      | 2059 ||| READING 2 scrolls of identify.
  2059 | D:2      | 2059 ||| IDENTIFYING red potion
  2060 | D:2      | 2060 ||| DROPPING potion of lignification.
  2061 | D:2      | 2061 ||| Stepping randomly (stuck).
  2062 | D:2      | 2062 ||| Stepping ~*~*~tactically~*~*~ (cloud).
  2066 | D:2      | HP: 6/30 [poisoned by you (poison gas)]
  2071 | D:2      | HP: 2/30 [poisoned by you (poison gas)]
  2380 | D:3      | 2380 ||| PLANNING SEWER
  2382 | D:3      | 2382 ||| STAIRDANCE
  2429 | D:3      | 2429 ||| STAIRDANCE
  2474 | D:3      | 2474 ||| STAIRDANCE
  2484 | D:3      | Noticed an ogre
  2486 | D:3      | 2486 ||| Stepping ~*~*~tactically~*~*~ (stealth).
  2488 | D:3      | 2488 ||| Stepping ~*~*~tactically~*~*~ (stealth).
  2491 | D:3      | 2491 ||| Stepping ~*~*~tactically~*~*~ (stealth).
  2494 | D:3      | Slain by an ogre

Levels and vault maps discovered:
D:1:      giann_horns, layout_basic, serial_glass, glass_columns_a,
          glass_columns_c, bh_walls_and_bars
D:2:      layout_basic, hellmonk_ecumenical_altar_leap_of_faith, serial_shops,
          nicolae_shop_behind_doors, uniq_sigmund
D:3:      layout_rooms, gup_sewer_entry_pipe, uniq_ijyb

Skill      XL: |  1  2 |
---------------+-------+-----
Axes           | 3 6 |  6.2
Fighting       | |  2.0
Throwing       | |  1.0
Armour         | |  1.4
Dodging        | |  2.1
Spellcasting   | |  2.0
Translocations | |  2.4

Action                   |  1- 3 |  4- 6 || total
-------------------------+-------+-------++-------
Melee: Hand axe          |    46 |    19 ||    65
       Kick              |    12 |     3 ||    15
       Peck              |     6 |     4 ||    10
       Headbutt          |     3 |     2 ||     5
Throw: Boomerang         |     7 |       ||     7
  Use: Scroll            |     3 |     5 ||     8
       Potion            |     2 |       ||     2
Armor: Leather armour    |     5 |       ||     5
       Chain mail        |       |     6 ||     6
Dodge: Dodged            |    28 |     7 ||    35

Table legend:
 A = Non-vault XP
 B = Vault XP
 C = Vault XP percentage of total XP
 D = Non-vault monster count
 E = Vault monster count
 F = Vault count percentage of total count
                 A         B        C        D         E       F
            +---------+---------+-------+---------+---------+-------
      Total |      56 |     214 |  79.3 |      27 |       1 |   3.6
            +---------+---------+-------+---------+---------+-------
        D:1 |      30 |       0 |   0.0 |      15 |       0 |   0.0
        D:2 |      15 |     214 |  93.4 |       8 |       1 |  11.1
        D:3 |      11 |       0 |   0.0 |       4 |       0 |   0.0
            +---------+---------+-------+---------+---------+-------
